Map: Apotheosis LE

Players

Fropez

  • Race: Protoss Protoss
  • League: Gold
  • Spawn Location: 5:00

LZG - Winner!

  • Race: Zerg Zerg
  • League: Gold
  • Spawn Location: 11:00

VOD

Have the link to the VOD?

Description

Time

  • Played on: Oct. 12, 2016, 2:03 p.m.
  • Length: 12:48
Show
View Real Time Build Order
Export as new Build Order

Fropez Protoss 

Build Orders:  

Get SALT Encoding   

  12  0:01  Probe (Chrono Boost)  
  13  0:11  Probe (Chrono Boost)  
  14  0:22  Probe (Chrono Boost)  
  14  0:24  Pylon  
  16  0:42  Probe (Chrono Boost)  
  16  0:48  Gateway  
  16  0:49  Gateway  
  16  0:54  Probe (Chrono Boost)  
  17  1:00  Assimilator  
  17  1:04  Probe (Chrono Boost)  
  18  1:15  Probe (Chrono Boost)  
  19  1:25  Probe (Chrono Boost)  
  20  1:28  Pylon  
  20  1:34  Assimilator  
  20  1:36  Probe (Chrono Boost)  
  21  1:46  Cybernetics Core  
  22  1:47  Probe (Chrono Boost)  
  22  1:57  Probe (Chrono Boost)  
  23  2:15  Nexus  
  23  2:24  Gateway  
  23  2:30  Pylon  
  23  2:36  Warp Gate (Chrono Boost)  
  23  2:40  Mothership Core (Chrono Boost)  
  25  2:50  Pylon  
  26  2:58  Probe (Chrono Boost)  
  26  3:05  Adept, Pylon  
  28  3:07  Adept  
  30  3:21  Probe (Chrono Boost)  
  30  3:23  Adept  
  33  3:29  Probe (Chrono Boost)  
  33  3:32  Sentry  
  36  3:38  Adept  
  38  3:56  Twilight Council  
  38  3:59  Adept  
  38  4:00  Adept  
  42  4:09  Pylon  
  42  4:10  Assimilator  
  42  4:14  Adept  
  44  4:33  Robotics Facility  
  44  4:35  Resonating Glaives (Chrono Boost)  
  44  4:38  Gateway  
  44  4:50  Assimilator  
  44  5:04  Gateway  
  44  5:07  Probe  
  44  5:08  Probe  
  46  5:17  Stalker x2  
  50  5:24  Observer (Chrono Boost)  
  51  5:34  Probe  
  52  5:37  Probe  
  53  5:45  Warp Prism (Chrono Boost)  
  55  5:52  Stalker x2  
  59  6:09  Robotics Bay, Probe  
  59  6:10  Probe  
  61  6:23  Stalker x2  
  65  6:39  Pylon  
  65  6:40  Probe  
  66  6:51  Pylon  
  66  6:52  Gateway  
  65  7:03  Observer Gravitic Boosters (Chrono Boost)  
  65  7:11  Stalker x3  
  72  7:22  Probe  
  72  7:23  Probe  
  72  7:29  Stalker x2  
  73  7:48  Stalker x3  
  79  7:57  Pylon  
  79  8:19  Adept x2  
  83  8:20  Adept x3  
  79  9:01  Blink  
  79  9:02  Pylon  
  79  9:07  Gravitic Drive (Chrono Boost)  
  69  9:25  Stalker  
  69  9:26  Stalker x2  
  73  9:33  Pylon  
  73  9:43  Observer  
  72  10:08  Pylon  
  72  10:15  Stalker x3  
  78  10:27  Pylon  
  78  10:41  Pylon  
  78  10:42  Pylon, Probe x2  
  80  10:47  Pylon  
  66  10:57  Warp Prism  
  66  11:29  Stalker x5  
  66  11:30  Stalker  
  64  12:13  Stalker  
  64  12:14  Stalker x4  
  56  12:35  Forge  
Show
View Real Time Build Order
Export as new Build Order

LZG Zerg - Winner!

Build Orders: Hatch First 

Get SALT Encoding   

  12  0:02  Drone  
  13  0:32  Hatchery  
  12  0:36  Drone  
  13  0:55  Spawning Pool  
  12  1:12  Overlord, Drone x2  
  12  1:17  Extractor  
  13  1:24  Drone  
  14  1:41  Queen  
  14  1:46  Extractor  
  14  1:47  Drone x2  
  17  2:01  Spore Crawler  
  17  2:03  Drone x2  
  17  2:06  Drone  
  19  2:15  Drone  
  20  2:18  Drone  
  21  2:35  Lair  
  21  2:40  Drone  
  21  2:44  Drone  
  23  3:05  Zergling x6  
  25  3:06  Zergling x2  
  25  3:08  Drone  
  28  3:22  Overlord  
  28  3:24  Spore Crawler  
  27  3:35  Drone  
  28  3:43  Spire  
  27  3:51  Extractor, Drone x2  
  28  4:01  Drone x2  
  30  4:10  Drone  
  30  4:11  Overlord, Drone  
  30  4:16  Queen  
  34  4:36  Drone x2  
  36  4:55  Mutalisk x4  
  36  4:57  Overlord  
  44  5:02  Zerg Flyer Weapons Level 1  
  44  5:06  Overlord  
  44  5:31  Drone x3  
  44  5:33  Mutalisk x4  
  44  5:34  Extractor  
  54  5:37  Drone  
  55  5:54  Mutalisk  
  55  5:55  Mutalisk  
  59  5:57  Overlord  
  59  6:11  Overseer  
  59  6:15  Drone x3  
  59  6:16  Drone  
  59  6:17  Overlord, Drone  
  64  6:35  Mutalisk x3  
  64  6:38  Mutalisk  
  72  6:47  Mutalisk  
  72  6:50  Drone x2  
  72  6:51  Overlord  
  72  6:52  Overlord  
  76  7:07  Pneumatized Carapace  
  76  7:09  Mutalisk  
  78  7:44  Mutalisk x4  
  78  7:45  Overlord  
  78  7:46  Overlord  
  86  8:13  Hatchery  
  85  8:48  Mutalisk  
  85  8:49  Mutalisk x5  
  97  9:40  Drone x5  
  97  9:42  Overlord x2  
  102  9:54  Extractor  
  102  9:56  Extractor  
  92  10:15  Mutalisk  
  92  10:16  Mutalisk x8  
  92  10:17  Mutalisk  
  111  10:54  Mutalisk x2  
  111  10:55  Mutalisk x2  
  111  10:56  Overlord x4  
  119  11:24  Hatchery  
  116  12:02  Mutalisk x6  
  116  12:03  Mutalisk x2  
Tags
 
League
GoldGold
Matchup
PvZ
Replay Pack
All Mines
Spawn Locations
Cross Positions
Add a new tag
Caveats
  • Supply blocks, unpowered buildings, or Contaminate may cause inaccurate times.
  • Supply counts are checked every 10 seconds.